 Dungeon Crawl Stone Soup version 0.18-a0-960-g77c8fc5 (webtiles) character file.

13605 Yawgmoth the Arsonist (level 11, -2/86 HPs)
             Began as a Mummy Fire Elementalist on Dec 30, 2015.
             Was the Champion of Sif Muna.
             Slain by a yak (12 damage)
             ... in an ice cave on Dec 31, 2015.
             The game lasted 01:51:46 (21448 turns).

Yawgmoth the Arsonist (Mummy Fire Elementalist)    Turns: 21448, Time: 01:51:46

Health: -2/86      AC: 10    Str: 11    XL:     11   Next: 77%
Magic:  6/23       EV: 12    Int: 17    God:    Sif Muna [******]
Gold:   333        SH:  0    Dex: 14    Spells: 4 memorised, 5 levels left

rFire  x x .     SeeInvis .     M - staff of wizardry
rCold  + + .     Gourm    .     S - +0 steam dragon armour
rNeg   + + +     Faith    .     (no shield)
rPois  ∞         Spirit   .     (no helmet)
rElec  .         Dismiss  +     R - +2 cloak "Cival" {rCorr}
rCorr  +         Reflect  .     a - +0 pair of gloves
SustAt .         Harm     .     D - +0 pair of boots
MR     ++...                    g - amulet of dismissal
Stlth  ++........               e - ring of ice
                                y - ring of protection from magic

@: about to teleport, very resistant to hostile enchantments, unstealthy
A: no food or potions, fire vulnerability, cold resistance 1, negative energy
resistance 3, torment resistance, unbreathing
a: Channel Energy, Forget Spell, Renounce Religion


You were in an ice cave.
You worshipped Sif Muna.
Sif Muna was exalted by your worship.
You were not hungry.

You visited 2 branches of the dungeon, and saw 13 of its levels.
You also visited: Labyrinth and Ice Cave.

You collected 838 gold pieces.
You spent 505 gold pieces at shops.

Inventory:

Hand Weapons
 h - a +1 shortbow of flaming
 j - a +3 dagger of chaos
 t - a +1 hunting sling of evasion
 w - a +0 hunting sling
 F - the +5 dagger of Nemelex Xobeh's Fury {pierce, Str+5}
   (You bought it in a shop on level 5 of the Dungeon)

   It inflicts extra damage upon your enemies.
   It affects your strength (+5).
 G - a +3 short sword of venom
 H - a +0 quarterstaff
 I - a +3 shortbow
 J - a +0 shortbow
Missiles
 B - a throwing net (quivered)
Armour
 a - a +0 pair of gloves (worn)
 D - a +0 pair of boots (worn)
 R - the +2 cloak "Cival" (worn) {rCorr}
   (You bought it in a shop on level 10 of the Dungeon)

   It protects you from acid and corrosion.
 S - a +0 steam dragon armour (worn)
 X - the +9 armour of the Dragon King {rPois rF+ rC+ MR+}
   (You found it in a labyrinth)

   It protects you from fire.
   It protects you from cold.
   It protects you from poison.
   It affects your resistance to hostile enchantments.
 Y - the +1 scale mail of Misanthropy {rPois rF+ SInv}
   (You found it in a labyrinth)

   It protects you from fire.
   It protects you from poison.
   It lets you see invisible.
Magical Staves
 M - an uncursed staff of wizardry (weapon)
 N - an uncursed staff of air
Jewellery
 e - a ring of ice (right hand)
 g - an amulet of dismissal (around neck)
 y - a ring of protection from magic (left hand)
 W - an uncursed ring of teleportation
Wands
 d - a wand of draining (6/15)
 n - a wand of magic darts (35/48)
 z - a wand of cold (3/15)
 O - a wand of digging (21/24)
 T - a wand of random effects (14/48)
 V - a wand of disintegration (16/24)
Scrolls
 c - a scroll of enchant weapon
 i - 2 scrolls of amnesia
 k - 2 scrolls of teleportation
 m - 2 scrolls of noise
 q - 5 scrolls of remove curse
 r - 4 scrolls of enchant armour
 u - 8 scrolls of immolation
 v - 3 scrolls of fog
 A - 10 scrolls of identify
 C - a scroll of recharging
Potions
 o - a potion of might {unknown}
Books
 b - a book of Flames

   Spells                             Type                      Level
   a - Flame Tongue                   Conjuration/Fire             1
   b - Throw Flame                    Conjuration/Fire             2
   c - Conjure Flame                  Conjuration/Fire             3
   d - Inner Flame                    Hexes/Fire                   3
   e - Sticky Flame                   Conjuration/Fire             4
   f - Fireball                       Conjuration/Fire             5
 p - a book of Unlife

   Spells                             Type                      Level
   a - Recall                         Summoning/Translocation      3
   b - Animate Dead                   Necromancy                   4
   c - Control Undead                 Necromancy                   4
   d - Cigotuvi's Embrace             Necromancy                   5
   e - Death Channel                  Necromancy                   6
   f - Simulacrum                     Ice/Necromancy               6
 s - a Necronomicon

   Spells                             Type                      Level
   a - Haunt                          Necromancy/Summoning         7
   b - Borgnjor's Revivification      Necromancy                   8
   c - Death's Door                   Charms/Necromancy            8
   d - Necromutation                  Transmutation/Necromancy     8
 K - Joheudeu's Volume of Scorching Conjuration
   (Sif Muna gifted it to you on level 12 of the Dungeon)

   Spells                             Type                      Level
   a - Flame Tongue                   Conjuration/Fire             1
   b - Sticky Flame                   Conjuration/Fire             4
   c - Bolt of Fire                   Conjuration/Fire             6
   d - Fire Storm                     Conjuration/Fire             9


   Skills:
 + Level 8.0 Fighting
 - Level 1.5 Armour
 - Level 1.5 Dodging
 - Level 1.5 Stealth
 + Level 8.2 Spellcasting
 + Level 7.1 Conjurations
 * Level 10.0 Fire Magic
 - Level 3.8 Invocations


You had 5 spell levels left.
You knew the following spells:

 Your Spells              Type           Power        Failure   Level  Hunger
a - Flame Tongue          Conj/Fire      ###..        1%          1    N/A
b - Fireball              Conj/Fire      ###.......   4%          5    N/A
c - Bolt of Fire          Conj/Fire      ###.......   22%         6    N/A
d - Fire Storm            Conj/Fire      ###.......   100%        9    N/A

Dungeon Overview and Level Annotations

Branches:
Dungeon (12/15)            Temple (0/1) D:7            Lair (1/8) D:9
    Orc (0/2) D:11

Altars:
Ashenzari
Dithmenos
Gozag
Okawaru
Pakellas
Ru
Sif Muna
Xom
The Shining One

Shops:
D:5 (   D:10 *   D:11 *:


Innate Abilities, Weirdness & Mutations

You do not eat or drink.
Your flesh is vulnerable to fire.
You are immune to poison.
Your flesh is cold resistant.
You are immune to negative energy.
You are immune to unholy pain and torment.
You can survive without breathing.


Message History

The yak struggles against the net.
The net rips apart, and the yak comes free!
Throwing (i - inventory):
B - 2 throwing nets (quivered)
Press: ? - help, Shift-Dir - straight line, f/p - yak
Aim: a yak (severely wounded)
You throw a throwing net. The throwing net barely misses the yak.
The throwing net hits the yak.
The yak is caught in the net!
The yak is moderately wounded.
The yak struggles against the net.
The yak completely misses you.
The yak struggles against the net.
You channel some magical energy.
The yak gores you!
* * * LOW HITPOINT WARNING * * *
The yak struggles against the net.
The net rips apart, and the yak comes free!
You channel some magical energy.
The yak gores you.
* * * LOW HITPOINT WARNING * * *
Read which item? (? for menu, Esc to quit)
As you read the scroll of teleportation, it crumbles to dust.
You feel strangely unstable. The yak gores you!
You die...

##.####.#
#....#..#
##......##
##..###...#
##..##
##.##
#...#######
##Y.###.#∩#
#..###....#
#..#.YY@..#
#.......∩##
##...#####
#####


You could see 2 yaks.

Vanquished Creatures
  2 hill giants
  A cyclops (D:11)
  An ice statue (IceCv)
  A centaur zombie (D:12)
  A black mamba (Lair:1)
  Joseph (D:10)
  Psyche (D:9)
  2 spiny frogs (Lair:1)
  A komodo dragon (D:9)
  A polar bear (IceCv)
  A troll (D:9)
  A vampire (D:10)
  7 yaks
  2 steam dragons
  4 basilisks (Lab)
  A hippogriff (D:11)
  3 wolves (IceCv)
  A warg (D:11)
  2 water moccasins
  5 orc warriors
  A porcupine (Lair:1)
  4 phantoms
  3 black bears
  3 ice beasts
  5 sky beasts
  An eye of draining (D:12)
  5 ogres
  8 centaurs
  5 crocodiles
  A big kobold (D:11)
  A wyvern zombie (D:10)
  14 giant frogs
  3 scorpions
  3 wights (D:11)
  An electric eel (D:7)
  A giant frog zombie (D:11)
  8 crimson imps
  2 jellies (D:9)
  A quasit (D:8)
  7 orc priests
  6 hounds
  2 giant frog skeletons
  8 orc wizards
  A centaur skeleton (D:8)
  9 iguanas
  10 worker ants
  3 sheep (D:11)
  A worker ant zombie (D:5)
  4 gnolls (D:2)
  12 adders
  2 shadow imps (D:6)
  3 oozes
  2 adder skeletons
  26 orcs
  A bat (D:2)
  2 giant cockroaches
  3 goblins (D:3)
  6 hobgoblins
  14 jackals
  4 quokkas
  A ball python skeleton (D:4)
  12 giant geckos
  A giant gecko skeleton (D:8)
  7 giant newts
  2 goblin skeletons (D:8)
  3 hobgoblin zombies (D:8)
  7 kobolds
  3 kobold skeletons (D:8)
  2 kobold zombies (D:8)
  An orc zombie (D:8)
  A quokka skeleton (D:6)
  8 rats
  2 rat zombies (D:7)
  2 plants (Lab)
287 creatures vanquished.

Vanquished Creatures (others)
  4 plants
4 creatures vanquished.

Grand Total: 291 creatures vanquished

Notes
Turn   | Place    | Note
--------------------------------------------------------------
     0 | D:1      | Yawgmoth the Mummy Fire Elementalist began the quest for the Orb.
     0 | D:1      | Reached XP level 1. HP: 13/13 MP: 3/3
    52 | D:1      | Upgraded the game from 0.18-a0-952-g309898a to 0.18-a0-960-g77c8fc5
   765 | D:1      | Reached XP level 2. HP: 11/19 MP: 0/5
  1041 | D:1      | Reached skill level 1 in Conjurations
  2044 | D:2      | Reached XP level 3. HP: 10/24 MP: 0/6
  2761 | D:2      | Reached skill level 3 in Spellcasting
  2761 | D:2      | Reached XP level 4. HP: 27/30 MP: 2/8
  3823 | D:3      | Found a sacrificial altar of Ru.
  3824 | D:3      | Found a shadowy altar of Dithmenos.
  3824 | D:3      | Found a deep blue altar of Sif Muna.
  3916 | D:3      | Found a shattered altar of Ashenzari.
  3917 | D:3      | Found an iron altar of Okawaru.
  4152 | D:4      | Reached XP level 5. HP: 26/35 MP: 0/10
  4649 | D:3      | Became a worshipper of Sif Muna the Loreminder
  4819 | D:5      | Entered Level 5 of the Dungeon
  5148 | D:5      | Reached skill level 1 in Fighting
  5271 | D:5      | Reached XP level 6. HP: 43/43 MP: 6/11
  6016 | D:5      | Reached skill level 4 in Spellcasting
  6093 | D:5      | Noticed an ice beast
  6103 | D:5      | Killed an ice beast
  6103 | D:5      | Reached * piety under Sif Muna
  6103 | D:5      | Reached XP level 7. HP: 26/50 MP: 4/13
  6382 | D:5      | Found Qeyqeg's Antique Weapon Boutique.
  6579 | D:5      | Bought a shimmering dagger for 182 gold pieces
  6579 | D:5      | Identified the +5 dagger of Nemelex Xobeh's Fury {pierce, Str+5} (You bought it in a shop on level 5 of the Dungeon)
  7406 | D:6      | Found an opulent altar of Gozag.
  7692 | D:6      | Reached skill level 5 in Fire Magic
  7936 | D:6      | Reached ** piety under Sif Muna
  7936 | D:6      | Reached XP level 8. HP: 35/58 MP: 9/15
  8133 | D:6      | Reached skill level 5 in Spellcasting
  8388 | D:6      | Learned a level 5 spell: Fireball
  8399 | D:6      | Found a shimmering altar of Xom.
  9460 | D:7      | Reached skill level 6 in Fire Magic
  9578 | D:7      | Found an oddly glowing altar of Pakellas.
  9694 | D:7      | Reached *** piety under Sif Muna
  9813 | D:7      | Found a staircase to the Ecumenical Temple.
 10170 | D:7      | Reached XP level 9. HP: 51/66 MP: 8/17
 11012 | D:8      | Found a glowing golden altar of the Shining One.
 11142 | D:8      | Reached skill level 5 in Fighting
 11367 | D:8      | Reached skill level 5 in Conjurations
 11783 | D:9      | Found a staircase to the Lair.
 11784 | D:9      | Noticed a komodo dragon
 11815 | D:9      | Killed a komodo dragon
 11815 | D:9      | Reached skill level 7 in Fire Magic
 11815 | D:9      | Reached skill level 1 in Invocations
 11943 | D:9      | Reached **** piety under Sif Muna
 12282 | D:9      | Noticed a troll
 12287 | D:9      | Killed a troll
 12653 | D:9      | Noticed Psyche
 12667 | D:9      | Killed Psyche
 12893 | D:9      | Reached XP level 10. HP: 76/76 MP: 3/19
 13457 | D:10     | Entered Level 10 of the Dungeon
 13460 | D:10     | Noticed Joseph
 13770 | D:10     | Killed Joseph
 14034 | D:9      | Reached skill level 8 in Fire Magic
 14075 | D:9      | Reached ***** piety under Sif Muna
 14472 | D:10     | Found a deep blue altar of Sif Muna.
 15086 | D:10     | Found Piul's Assorted Antiques.
 15093 | D:10     | Bought a shimmering cloak for 323 gold pieces
 15098 | D:10     | Identified the +2 cloak "Cival" {rCorr} (You bought it in a shop on level 10 of the Dungeon)
 15322 | D:11     | Noticed a hill giant
 15602 | D:11     | Found a labyrinth entrance.
 15610 | D:11     | Got a blackened ring mail
 15614 | Lab      | Entered a labyrinth
 16220 | Lab      | Noticed a minotaur
 16345 | Lab      | Got a spiked scale mail
 16413 | Lab      | Identified the +1 scale mail of Misanthropy {rPois rF+ SInv} (You found it in a labyrinth)
 16423 | Lab      | Identified the +3 ring mail of Depression {Dex+4} (You found it on level 11 of the Dungeon)
 16531 | D:11     | Found Rock's Book Shoppe.
 16822 | D:11     | Killed a hill giant
 17201 | D:11     | Reached skill level 1 in Armour
 17201 | D:11     | Reached XP level 11. HP: 75/83 MP: 3/22
 17733 | D:11     | Found Ivian's General Store.
 17848 | D:11     | Reached skill level 9 in Fire Magic
 18129 | D:11     | Noticed a four-headed hydra
 18606 | D:11     | Found a staircase to the Orcish Mines.
 18609 | D:11     | Noticed a green ugly thing
 18961 | D:12     | Noticed a hill giant
 19869 | D:12     | Reached ****** piety under Sif Muna
 19869 | D:12     | Received a gift from Sif Muna
 19874 | D:12     | Identified Joheudeu's Volume of Scorching Conjuration (Sif Muna gifted it to you on level 12 of the Dungeon)
 19885 | D:12     | Learned a level 6 spell: Bolt of Fire
 19895 | D:12     | Learned a level 9 spell: Fire Storm
 19943 | D:12     | Noticed a hill giant
 19955 | D:12     | Killed a hill giant
 20198 | Lair:1   | Entered Level 1 of the Lair of Beasts
 20669 | Lair:1   | Found a frozen archway.
 20679 | IceCv    | Entered an ice cave
 21381 | IceCv    | Reached skill level 10 in Fire Magic
 21448 | IceCv    | Slain by a yak

Vault maps used:
D:1:      sevenhm_arrival_forest_fort_large_2
D:3:      nicolae_overflow_hidden_temple, first_bread
D:4:      eino_tiny_chamber
D:5:      serial_shops, shop, kennysheep_generic_room_11
D:6:      nicolae_gozag_seed_capital, lemuel_crystal_altar
D:7:      kennysheep_mini, minmay_temple_entry_purple_smoke, enter_ossuary_4,
          grunt_ogre_cave, kennysheep_cluttered_room
D:8:      kennysheep_doodads, nicolae_tso_besieged_by_evil
D:9:      david_lair_shrubbed, uniq_psyche
D:10:     serial_shops, shop, lemuel_blue_sif_altar, uniq_joseph
D:11:     minmay_orc_entry_guard_dogs, serial_shops, shop_coins, shop,
          lab_entry_generic
D:12:     enter_bailey_2, lemuel_centaur_altar, uniq_frances
Lair:1:   portal_ice_cave_entry_pillars_02
Lab:      nicolae_lab_garden, labyrinth_fake_exit, nicolae_lab_starburst,
          nicolae_lab_blocks
IceCv:    ice_cave_caverns_03

Action                   |  1- 3 |  4- 6 |  7- 9 | 10-12 || total
-------------------------+-------+-------+-------+-------++-------
Melee: Club              |    15 |       |       |       ||    15
       Halberd           |       |    81 |       |       ||    81
       Dagger            |       |       |    74 |    16 ||    90
       Staff             |       |       |       |   113 ||   113
 Fire: Hunting sling     |       |   154 |   142 |     2 ||   298
       Shortbow          |       |       |    12 |     3 ||    15
Throw: Throwing net      |       |       |       |     2 ||     2
 Cast: Flame Tongue      |    59 |    75 |   293 |   372 ||   799
       Fireball          |       |       |    22 |    95 ||   117
       Bolt of Fire      |       |       |       |    28 ||    28
Invok: Channel Energy    |       |       |     9 |   142 ||   151
Evoke: Wand              |       |       |       |     1 ||     1
       Phantom mirror    |       |       |       |     1 ||     1
  Use: Scroll            |       |     4 |     9 |     8 ||    21
 Stab: Sleeping          |       |     1 |       |       ||     1
